 Dungeon Crawl Stone Soup version 0.22.0-49-gab54619674 (webtiles) character file.

828 AlolanVulpixel the Slasher (level 7, 0/61 HPs)
             Began as a Pale Draconian Berserker on Sept 5, 2018.
             Was an Initiate of Makhleb.
             Slain by a polar bear (3 damage)
             ... created by the rage of Trog
             ... on level 4 of the Dungeon.
             The game lasted 00:10:43 (3578 turns).

AlolanVulpixel the Slasher (DrBe)                   Turns: 3578, Time: 00:10:44

Health: 0/61       AC:  8    Str: 21    XL:     7   Next: 65%
Magic:  7/7        EV: 14    Int:  7    God:    Makhleb [......]
Gold:   216        SH:  0    Dex: 11    Spells: 6/6 levels left

rFire    + . .     SeeInvis .   a - +0 falchion
rCold    x . .     Gourm    .   (no shield)
rNeg     . . .     Faith    .   (armour unavailable)
rPois    +         Spirit   .   (helmet restricted)
rElec    .         Reflect  .   s - +0 cloak
rCorr    .         Harm     .   (no gloves)
MR       .....                  m - +0 pair of boots
Stlth    ++........             (no amulet)
HPRegen  0.20/turn              c - ring of poison resistance
MPRegen  0.10/turn              h - ring of fire

@: no status effects
A: breathe steam, unfitting armour, cold-blooded, AC +6
a: Breathe Steam, Renounce Religion


You were on level 4 of the Dungeon.
You worshipped Makhleb.
Makhleb was noncommittal.
You were not hungry.

You visited 2 branches of the dungeon, and saw 5 of its levels.

You collected 216 gold pieces.

Inventory:

Hand Weapons
 a - a +0 falchion (weapon)
Armour
 m - a +0 pair of boots (worn)
 s - a +0 cloak (worn)
Jewellery
 c - a ring of poison resistance (left hand)
 h - a ring of fire (right hand)
Wands
 o - a wand of random effects (33)
 p - a wand of scattershot (6)
Scrolls
 e - 3 scrolls of remove curse
 g - a scroll of identify
 i - a scroll of enchant weapon
 j - 2 scrolls of magic mapping
 r - a scroll of teleportation
Potions
 d - 3 potions of haste
 f - 2 potions of mutation
 k - 2 potions of degeneration
 l - 2 potions of might
 n - 3 potions of magic
Comestibles
 b - 2 rations


   Skills:
 + Level 5.3 Fighting
 + Level 6.3 Long Blades
 + Level 4.7 Dodging
 + Level 2.9 Stealth


You had 6 spell levels left.
You didn't know any spells.
Your spell library contained the following spells:

 Spells                   Type           Power        Failure   Level  Hunger
 Beastly Appendage        Tmut           #.....       43%         1    ##.....
 Sticks to Snakes         Tmut           #.......     56%         2    ###....
 Spider Form              Tmut/Pois      #.........   80%         3    ####...
 Ice Form                 Ice/Tmut       #.......     99%         4    #####..
 Blade Hands              Tmut           #.........   100%        5    ######.


Dungeon Overview and Level Annotations

Branches:
Dungeon (4/15)             Temple (1/1) D:4

Altars:
Ashenzari
Cheibriados
Dithmenos
Elyvilon
Fedhas
Gozag
Hepliaklqana
Kikubaaqudgha
Makhleb
Nemelex Xobeh
Okawaru
Qazlal
Sif Muna
Trog
Uskayaw
Vehumet
Wu Jian
Xom
Yredelemnul
Zin
The Shining One


Innate Abilities, Weirdness & Mutations

You can breathe blasts of scalding, opaque steam.
Your pale cyan-grey scales are hard. (AC +6)
You cannot fit into any form of body armour.
You are cold-blooded and may be slowed by cold attacks.


Message History

Trog sends monsters to punish you. 2 polar bears and 2 black bears come into view.
You hit the polar bear.
Your tail-slap misses the polar bear.
The polar bear is lightly wounded.
You barely miss the polar bear.
The polar bear is lightly wounded.
The polar bear misses you. The polar bear barely misses you.
The polar bear claws you. The polar bear barely misses you.
You riposte.
You slash the polar bear!
Your tail-slap misses the polar bear.
The polar bear is moderately wounded.
The polar bear claws you. The polar bear misses you.
You closely miss the polar bear.
The polar bear is moderately wounded.
The polar bear bites you! The polar bear completely misses you.
The polar bear closely misses you. The polar bear bites you!!
The polar bear claws you but does no damage.
The polar bear closely misses you. The polar bear bites you!
* * * LOW HITPOINT WARNING * * *
The polar bear closely misses you. The polar bear claws you.
You die...

##..>#
#....#
###..#
###..#
#....#
###
.###.#
..#
...<.#
#h#
######
#h#
.......
#@#
....###
#h#
###.#
###h#
#.#
#...#
#.#
#.###
#.# #.#
#.# #.#
#.# #.#
#.# #.#


You could see 2 polar bears and 2 black bears.

Vanquished Creatures
  Grinder (D:3)
  The ghost of SaintSock the Digger, an amateur GrEE (D:3)
  2 howler monkeys (D:4)
  A hound (D:4)
  A bullfrog skeleton (D:3)
  A centaur zombie (D:3)
  An orc priest (D:4)
  3 orc wizards (D:4)
  An iguana (D:4)
  2 worker ants (D:4)
  A gnoll (D:1)
  8 adders
  An ooze (D:4)
  An adder skeleton (D:4)
  A worm (D:2)
  A dart slug (D:2)
  7 orcs
  4 giant cockroaches
  A goblin (D:3)
  8 hobgoblins
  2 jackals (D:3)
  3 quokkas (D:2)
  A ball python (D:1)
  5 bats (D:1)
  6 frilled lizards
  A jackal skeleton (D:4)
  9 kobolds
  7 rats
81 creatures vanquished.

Notes
Turn   | Place    | Note
-------+----------+-------------------------------------------
     0 | D:1      | AlolanVulpixel the Draconian Berserker began the quest for
                  | the Orb.
     0 | D:1      | Reached XP level 1. HP: 19/19 MP: 1/1
    20 | D:1      | Reached XP level 2. HP: 18/26 MP: 2/2
   631 | D:2      | Reached XP level 3. HP: 32/33 MP: 3/3
   860 | D:2      | Reached ** piety under Trog
  1514 | D:3      | Reached XP level 4. HP: 40/40 MP: 4/4
  1555 | D:3      | Noticed Grinder
  1568 | D:3      | Reached skill level 1 in Stealth
  1586 | D:3      | Killed Grinder
  1586 | D:3      | Reached skill level 4 in Long Blades
  1586 | D:3      | Reached XP level 5. HP: 38/47 MP: 5/5
  1586 | D:3      | Reached XP level 6. HP: 43/53 MP: 6/6
  1911 | D:3      | Found a runed gate.
  1912 | D:3      | Found a runed gate.
  1913 | D:3      | Found a runed gate.
  1927 | D:3      | Noticed SaintSock's ghost (amateur GrEE)
  1941 | D:3      | Reached skill level 5 in Long Blades
  1943 | D:3      | Killed SaintSock's ghost
  2230 | D:4      | Your scales start taking on a pale cyan-grey colour.
  2230 | D:4      | Reached XP level 7. HP: 60/60 MP: 7/7
  2248 | D:4      | Found a staircase to the Ecumenical Temple.
  2404 | Temple   | Entered the Ecumenical Temple
  2425 | Temple   | Fell from the grace of Trog
  2425 | Temple   | Became a worshipper of Makhleb the Destroyer
  2808 | D:4      | Reached skill level 5 in Fighting
  3125 | D:4      | Reached skill level 6 in Long Blades
  3321 | D:4      | Paralysed by Trog for 7 turns
  3576 | D:4      | Noticed a polar bear
  3576 | D:4      | Noticed a polar bear
  3578 | D:4      | HP: 3/61 [polar bear[the rage of Trog] (17)]
  3578 | D:4      | Slain by a polar bear

Skill      XL: |  1  2  3  4  5  6  7 |
---------------+----------------------+-----
Dodging        | 3 4 |  4.7
Fighting       | 4 5 |  5.3
Stealth        | 2 |  2.9
Long Blades    | 4 5 6 |  6.3

Action                   |  1- 3 |  4- 6 |  7- 9 || total
-------------------------+-------+-------+-------++-------
Melee: Falchion          |    82 |    76 |    93 ||   251
       Tailslap          |    14 |    19 |     9 ||    42
Invok: Berserk           |     1 |     2 |       ||     3
       Trog's Hand       |       |     1 |       ||     1
 Abil: Breathe Steam     |       |       |     1 ||     1
  Use: Scroll            |       |     9 |     1 ||    10
       Potion            |       |       |     3 ||     3
 Stab: Sleeping          |     4 |     1 |       ||     5
  Eat: Ration            |     1 |       |     2 ||     3
       Chunk             |       |     4 |       ||     4
Armor: Skin              |    23 |    33 |    30 ||    86
Dodge: Dodged            |    60 |    67 |    64 ||   191
       Rpst.: Falchion   |    16 |    26 |    14 ||    56
